[Event "*** Titled Tuesday Blitz"]
[Site "Chess.com"]
[Date "2020.11.10"]
[Round "5"]
[White "Jospem"]
[Black "Infernal_XaM"]
[Result "1-0"]
[WhiteElo "2924"]
[BlackElo "2829"]
[TimeControl "180+1"]
[EndTime "11:00:32 PST"]
[Termination "Jospem won by resignation"]

1. e4 e5 2. Nf3 Nc6 3. Bb5 Nge7 4. O-O a6 5. Ba4 g6 6. c3 Bg7 7. d4 exd4 8. cxd4 b5 9. Bb3 O-O 10. a4 b4 11. Be3 Na5 12. Nbd2 d6 13. Rc1 Nxb3 14.
Qxb3 a5 15. d5 Bd7 16. Bd4 Bh6 17. Bf6 Re8 18. Qc2 Ra7 19. Nc4 Qb8 20. b3 c6 21. Ba1 Bg7 22. Bxg7 Kxg7 23. Qb2+ f6 24. dxc6 Bxc6 25. Rfd1 Rd8 26. Nd4 Bd7 27. Nf3 Bc6 28. Ng5 Rdd7 29. Ne6+ Kf7 30. Nd4 Bxe4 31. Nb5 Ra6 32.
Qd4 d5 33. Ne3 Rc6 34. f3 Rxc1 35.
Rxc1 Bf5 36. Qh4 h5 37. Nd4 Bd3 38. Re1 Qe5 39. g4 Qg5 40. Qxg5 fxg5 41. Rc1 Ba6 42. Rc5 hxg4 43. Nxg4 Kg7 44. Rxa5 Rd6 45. Rc5 Nf5 46. Rc7+ Kf8 47. Nc6 d4 48. Nge5 d3 49. Rd7 Rxd7 50.
Nxd7+ Ke8 51. Nf6+ Kf7 52. Ne4 Bb7 53. Ne5+ Ke6 54.
Nxd3 Nd4 55. Ndc5+ Ke5 56. Nxb7 Nxf3+ 57. Kh1 Kxe4 58.
a5 Nd4 59. a6 Nc6 60. Nc5+ Kd4 61. Ne6+ Kc3 62. Kg2 Kxb3 63. Nd4+ Kc3 64. Nxc6 b3 65. a7 b2 66. a8=Q b1=Q 67. Qh8+ Kc4 68. Qd4+ Kb5 69.
Ne5 Qc2+ 70. Kg3 Qf5 71. Qd3+ Kc5 72. Qxf5 gxf5 73. Nf3 g4 74. Nh4 f4+ 75. Kxf4 Kd4 76. Kg3 Ke4 77. Kxg4 1-0

[Event "*** Titled Tuesday Blitz"]
[Site "Chess.com"]
[Date "2020.11.10"]
[Round "5"]
[White "tteshan"]
[Black "PIwan"]
[Result "0-1"]
[WhiteElo "2365"]
[BlackElo "2543"]
[TimeControl "180+1"]
[EndTime "11:00:32 PST"]
[Termination "PIwan won by resignation"]

1. e4 e6 2. d4 d5 3. Nd2 Be7 4. Ngf3 Nf6 5. e5 Nfd7 6. Bd3 c5 7. c3 Nc6 8. O-O a5 9. Re1 cxd4 10. cxd4 Qb6 11.
Qa4 Qb4 12. Qxb4 Nxb4 13. Bb1 b5 14. a3 Nc6 15. Bd3 Ba6 16. Nf1 Nb6 17. Bd2 Kd7 18.
Rac1 Rhc8 19. Rc2 Nc4 20. Bxc4 bxc4 21. Ne3 Rab8 22. Bc3 Rb7 23. Nd2 Nb4 24. axb4 axb4 25. Ra1 Rc6 26. f4 g6 27. g4 h5 28. h3 hxg4 29. hxg4 Bb5 30. Nf3 bxc3 31. bxc3 Ra6 32.
Rca2 Rxa2 33. Rxa2 Bc6 34. f5 gxf5 35. gxf5 Rb3 36. f6 Rxc3 37. Ra7+ Kc8 38. Rxe7 Rxe3 39. Kf2 Re4 40. Rxf7 c3 41. Ra7 Rf4 42. Ra3 Be8 43.
Rxc3+ Kd7 44. Ke3 Re4+ 45. Kf2 Bh5 46. Ng5 Rf4+ 47. Ke3 Rf5 48. Nh7 Rf3+ 49. Kd2 Rf4 50. Ra3 Rxd4+ 51. Kc3 Rc4+ 52. Kd3 Bg6+ 53. Ke3 Re4+ 54.
Kf3 Bxh7 55. Ra7+ Ke8 56. Rxh7 Rxe5 57. Rh8+ Kf7 58. Rh6 Rf5+ 59. Ke3 Rxf6 60. Rh7+ Kg6 61. Ra7 Kf5 62. Ra1 Ke5 63. Re1 Rh6 64. Kd3+ Kd6 65. Ra1 Rh3+ 66. Kd2 e5 67. Ra6+ Kc5 68. Ra5+ Kd6 69.
Ra6+ Ke7 70. Ra5 Ke6 71. Ra6+ Kf5 72. Rd6 Ke4 73. Rd8 d4 74. Ra8 Rh2+ 75. Ke1 Ke3 76. Ra3+ d3 77. Kf1 e4 78. Rb3 Rh1+ 79. Kg2 Rc1 80.
Ra3 Ke2 81. Ra4 e3 0-1

[Event "*** Titled Tuesday Blitz"]
[Site "Chess.com"]
[Date "2020.11.10"]
[Round "5"]
[White "03revilo"]
[Black "Lupul_Cenusiu"]
[Result "0-1"]
[WhiteElo "2368"]
[BlackElo "2559"]
[TimeControl "180+1"]
[EndTime "11:00:34 PST"]
[Termination "Lupul_Cenusiu won by resignation"]

1. e4 c6 2. d4 d5 3. Nd2 e6 4. c4 dxc4 5. Nxc4 Bb4+ 6. Bd2 Be7 7. Nf3 Nd7 8. Bd3 Nb6 9. Nxb6 axb6 10. O-O Nf6 11. Bg5 h6 12. Bh4 c5 13. Bb5+ Bd7 14.
Qb3 Bxb5 15. Qxb5+ Qd7 16. Qxb6 Ra6 17. Qb3 Nxe4 18. Ne5 Qc7 19. Bxe7 Kxe7 20. Qe3 Nf6 21. dxc5 Rha8 22. a3 Nd5 23. Qe2 Qxc5 24. Rac1 Qd6 25. f4 Kf8 26. f5 exf5 27. Rxf5 Nf6 28. Rff1 Kg8 29. Kh1 Re8 30. Rce1 Ra5 31. Nc4 Rxe2 32. Nxd6 Rxb2 33. Re7 Rxa3 34. Rxb7 Rxb7 35. Nxb7 Rc3 36. Nd6 g6 37. Rd1 Kg7 38. h3 h5 39. Nb5 Rc5 40.
Nd4 Rd5 41. Rd2 g5 42. Nf3 Rf5 43. Rd1 g4 44. Nh4 Rf4 45. Kh2 Ne4 46. hxg4 hxg4 47. g3 Rf2+ 48. Kg1 f5 49. Rd7+ Kf6 50. Rd4 Re2 51. Rd8 Nxg3 52. Rf8+ Kg5 53. Ng2 Ra2 54. Rg8+ Kf6 55. Rf8+ Ke7 56. Rb8 Ra1+ 57. Kf2 Ne4+ 58.
Ke3 Rf1 59. Rb7+ Kd6 60. Rb6+ Kc5 61. Rb8 Rf3+ 62. Ke2 Rf2+ 63. Ke3 Rxg2 64. Rc8+ Kd6 65. Kf4 Rf2+ 66. Ke3 Rf3+ 67. Ke2 Ng3+ 68. Ke1 Rf1+ 69. Kd2 f4 70. Rg8 Ne4+ 71. Kd3 Nf6 72. Rg6 Ke5 73.
Rg5+ Ke6 74. Rg6 g3 0-1

[Event "*** Titled Tuesday Blitz"]
[Site "Chess.com"]
[Date "2020.11.10"]
[Round "5"]
[White "Anna_ChessMate"]
[Black "XDPS"]
[Result "1-0"]
[WhiteElo "2619"]
[BlackElo "2790"]
[TimeControl "180+1"]
[EndTime "11:00:35 PST"]
[Termination "Anna_ChessMate won on time"]

1. d4 d5 2. c4 e6 3. Nf3 a6 4.
cxd5 exd5 5. Nc3 Nf6 6. Bg5 Be6 7. e3 Nbd7 8. Bd3 Bd6 9. O-O c6 10. Rc1 O-O 11. Qc2 Qc7 12. Rfe1 Bg4 13. h3 Bh5 14.
Nh4 Rfe8 15. Nf5 Bf8 16. g4 Bg6 17. Bxf6 Nxf6 18. g5 Nh5 19. Nxd5 Qd8 20. Nc3 Qxg5+ 21. Kh1 Rad8 22. Rg1 Qf6 23. Rg2 c5 24. Rcg1 c4 25.
Nh6+ Kh8 26. Bxg6 hxg6 27. Ng4 Qf3 28. Qe2 Qxe2 29. Nxe2 f6 30. Nh2 g5 31. Nf3 b5 32. h4 gxh4 33. Nxh4 Kg8 34. Nf5 g5 35. Rh2 Ng7 36. Nh6+ Kh7 37. Nf7+ Kg6 38. Nxd8 Rxd8 39. f4 Be7 40. fxg5 fxg5 41. Nf4+ Kf7 42. Nh3 Ne6 43.
Rf2+ Kg6 44. Kg2 Bf6 45. Rgf1 Bg7 46. Rf5 Re8 47. d5 g4 48. Nf4+ Kxf5 49. Nxe6+ Kg6 50.
b3 cxb3 51. a3 Be5 52. Rb1 b2 53. Kf2 Rc8 54. Nd4 Bxd4 55. exd4 Rc4 56. Ke3 Rc3+ 57. Ke4 Rc2 58. d6 Kf6 59. Kd5 g3 60. Re1 Rc8 61.
d7 Re8 62. Kd6 Rd8 63. Kc7 Rxd7+ 64. Kxd7 g2 65. d5 a5 66. d6 Kf5 67. Kc6 Kf4 68.
d7 Kf3 69. d8=Q Kf2 70. Qd2+ 1-0

[Event "*** Titled Tuesday Blitz"]
[Site "Chess.com"]
[Date "2020.11.10"]
[Round "5"]
[White "Funo09"]
[Black "Meri-Arabidze"]
[Result "1/2-1/2"]
[WhiteElo "2813"]
[BlackElo "2619"]
[TimeControl "180+1"]
[EndTime "11:00:43 PST"]
[Termination "Game drawn - insufficient material"]

1. e4 c5 2. Nc3 e6 3. Nf3 Nc6 4. d4 cxd4 5. Nxd4 a6 6. Nxc6 bxc6 7. Bd3 d5 8. O-O Nf6 9. Qe2 Bb7 10. b3 Be7 11. Bb2 O-O 12. Rad1 Qc7 13. Kh1 Rfe8 14. e5 Nd7 15. Na4 c5 16. c4 d4 17. f4 Nf8 18. Bc1 Bc6 19. Bd2 a5 20. Be1 Bxa4 21. bxa4 Rab8 22. h4 Qc6 23. Qc2 h5 24. Rf3 Qb6 25.
Be4 Qb2 26. Rb3 Qxc2 27. Bxc2 Rxb3 28. axb3 Ra8 29. Kh2 g6 30. Kh3 Nd7 31. g4 hxg4+ 32. Kxg4 f5+ 33. exf6 Nxf6+ 34. Kf3 Kf7 35. Bd2 Rh8 36. Rg1 Rxh4 37. Bxg6+ Kf8 38. Bxa5 Rh3+ 39. Rg3 Rh2 40. Bc7 Rb2 41. a5 Rxb3+ 42. Kg2 Rb2+ 43. Kh3 Ra2 44. Rb3 Kg7 45. Bd3 Nh5 46. Be4 Nf6 47. Bb7 Ne8 48. Be5+ Bf6 49. a6 Bxe5 50. fxe5 Nc7 51.
Rb6 d3 52. Rd6 d2 53. Kg3 Nxa6 54. Rd7+ Kh6 55. Kg4 d1=Q+ 56. Rxd1 Nb4 57. Rd6 Rc2 58. Rxe6+ Kg7 59. Bd5 Nxd5 60. cxd5 Rd2 61. d6 c4 62.
Re7+ Kg6 63. Rc7 Rd4+ 64. Kf3 Kf5 65. Re7 c3 66. Ke3 c2 67. Rc7 Kxe5 68. Rxc2 Rxd6 69.
Rc5+ Rd5 70. Rxd5+ Kxd5 1/2-1/2

[Event "*** Titled Tuesday Blitz"]
[Site "Chess.com"]
[Date "2020.11.10"]
[Round "5"]
[White "mishanick"]
[Black "Vuk2000"]
[Result "0-1"]
[WhiteElo "3025"]
[BlackElo "2678"]
[TimeControl "180+1"]
[EndTime "11:00:55 PST"]
[Termination "Vuk2000 won by checkmate"]

1. d4 Nf6 2. c4 e6 3. Nf3 b6 4.
g3 Ba6 5. Qc2 Bb7 6. Bg2 Bb4+ 7.
Bd2 Be7 8. Nc3 d5 9. cxd5 exd5 10. O-O O-O 11. Bf4 Na6 12. Rad1 Bd6 13. Bxd6 Qxd6 14. Ne5 c5 15. e3 Rfd8 16. a3 Qe7 17. Rfe1 Rac8 18. Bh3 Ra8 19. Qa4 Nc7 20. Nc6 Bxc6 21.
Qxc6 Qd6 22. Qxd6 Rxd6 23. dxc5 bxc5 24. Rd2 Rad8 25. Red1 d4 26. Na4 Ne4 27. Re2 d3 28.
Ree1 Ra6 29. b3 Rxa4 30. bxa4 Nc3 31. Bg4 Nxd1 32. Rxd1 c4 33. Rc1 d2 34. Rxc4 d1=Q+ 35. Bxd1 Rxd1+ 36. Kg2 Rd7 37. Rb4 g6 38. Rb7 a6 39. a5 Kf8 40. a4 Ke7 41. h4 Kd8 42. Rb8+ Ke7 43. h5 gxh5 44. Rb6 Rd5 45. Rc6 Kd7 46.
Rh6 Rxa5 47. Rxh7 Ke7 48. Rh8 Ne6 49. f4 Ng7 50. Rh7 Kf6 51. Rh6+ Ke7 52. Rh7 Nf5 53. e4 Ne3+ 54. Kf3 Nc4 55. e5 Rxa4 56. Rxh5 Ra3+ 57.
Kg2 Ne3+ 58. Kf2 Nd1+ 59. Kg2 a5 60. Rh8 Ne3+ 61. Kf2 Nf5 62. g4 Nd4 63. f5 Nc6 64. e6 fxe6 65. Rh7+ Kd6 66. f6 Ne5 67. g5 Rf3+ 68.
Ke2 Rf5 69. Ra7 Rxg5 70. Ra6+ Nc6 71. Kd3 Rf5 72. Kc4 Rxf6 73. Kb5 Rf5+ 74. Kb6 Rf4 75. Ra8 Rb4+ 76. Ka6 Nd4 77. Rd8+ Ke5 78. Rh8 Rb1 79. Kxa5 Kd5 80. Rh5+ e5 81. Ka4 Nc6 82.
Ka3 Rb5 83. Rh8 e4 84. Re8 Kd4 85. Ka4 Rb4+ 86. Ka3 Rb7 87. Rc8 Ne5 88. Rd8+ Kc3 89. Re8 Nc4+ 90. Ka2 Kc2 91. Ra8 e3 92. Ra4 Kc3 93.
Ra8 e2 94. Re8 Kd3 95. Rd8+ Kc2 96. Re8 Ra7# 0-1

[Event "*** Titled Tuesday Blitz"]
[Site "Chess.com"]
[Date "2020.11.10"]
[Round "5"]
[White "Fins0905"]
[Black "Supernotar"]
[Result "1-0"]
[WhiteElo "2637"]
[BlackElo "2846"]
[TimeControl "180+1"]
[EndTime "11:00:57 PST"]
[Termination "Fins0905 won by checkmate"]

1. Nf3 c5 2. c3 Nf6 3. d4 e6 4. Bg5 d5 5. e3 Be7 6. Nbd2 O-O 7. Bd3 b6 8. Qe2 a5 9. O-O Ba6 10. Bxa6 Nxa6 11. Ne5 Qc7 12. f4 Ne8 13. Bxe7 Qxe7 14. f5 exf5 15. Rxf5 Nd6 16. Rf2 f6 17. Nd3 Rfe8 18.
Re1 c4 19. Nf4 Nc7 20. Qg4 Rad8 21. Nh5 Kh8 22. h3 b5 23. Ree2 b4 24. Ng3 bxc3 25.
bxc3 Ncb5 26. Nb1 Rb8 27. Kh2 Nc7 28. Nd2 Ncb5 29. Nb1 a4 30. Nh5 Ne4 31. Rf5 Nbxc3 32.
Nxc3 Nxc3 33. Ref2 Ne4 34. Rf1 Red8 35. Nf4 Qc7 36.
Kg1 Qc6 37. Rh5 Qe8 38. Qh4 h6 39. Rxh6+ gxh6 40. Qxh6+ Kg8 41. Nh5 Qf7 42. Rxf6 Qh7 43. Rg6+ Kh8 44. Qf4 Qxg6 45. Qe5+ Kh7 46. Nf4 Qf6 47.
Qh5+ Kg8 48. Qg4+ Qg7 49. Qe6+ Qf7 50. Qg4+ Kf8 51. Qh4 Re8 52. Kh2 Re6 53. Qh8+ Qg8 54. Qh5 Qf7 55. Qh8+ Qg8 56. Nxe6+ Kf7 57. Qe5 Qe8 58.
Qf5+ Ke7 59. Nf4 Qd7 60. Nxd5+ Kd6 61. Qxe4 Kc6 62. Nf4+ Kc7 63. d5 Qd6 64. Qxc4+ Kd7 65.
Qxa4+ Ke7 66. Qe4+ Kd7 67. Qh7+ Kc8 68. Qg8+ Kb7 69.
Qe6 Rd8 70. Qxd6 Rxd6 71. e4 Ra6 72. h4 Kc7 73. h5 Kd6 74. h6 Ra7 75. g4 Ke5 76.
Kg3 Ra3+ 77. Kh4 Kxf4 78. h7 Rxa2 79. Kh5 Rh2+ 80. Kg6 Kxg4 81. Kg7 Re2 82. h8=Q Rxe4 83. Qd8 Kf4 84. d6 Ke5 85. Qe7+ Kd5 86. Qxe4+ Kxe4 87. d7 Kf3 88. d8=Q Kg2 89. Qd3 Kg1 90. Kf6 Kh1 91. Kf5 Kg1 92. Kf4 Kh1 93. Qe2 Kg1 94. Kg3 Kh1 95. Qg2# 1-0

[Event "*** Titled Tuesday Blitz"]
[Site "Chess.com"]
[Date "2020.11.10"]
[Round "5"]
[White "enriquetejedor"]
[Black "ViktoriyaTarasova"]
[Result "1-0"]
[WhiteElo "2494"]
[BlackElo "2266"]
[TimeControl "180+1"]
[EndTime "11:01:02 PST"]
[Termination "enriquetejedor won by checkmate"]

1. e4 e5 2. Nf3 Nc6 3. d4 exd4 4. Nxd4 Nf6 5. Nc3 Bb4 6. Nxc6 bxc6 7. Bd3 O-O 8. O-O d5 9. exd5 cxd5 10. Bg5 c6 11. Qf3 Bd6 12. h3 Rb8 13. b3 Be6 14. Ne2 h6 15.
Bf4 Re8 16. Rfe1 Bxf4 17. Qxf4 Bd7 18. Qd4 Qa5 19. Qc3 Qxc3 20. Nxc3 Rxe1+ 21. Rxe1 Re8 22. Kf1 Rxe1+ 23. Kxe1 Kf8 24. Na4 Ke7 25. Nc5 Bc8 26. Bf1 Kd6 27. b4 Nd7 28. Nb3 Ne5 29. Kd2 h5 30. g3 g6 31. h4 Nf3+ 32. Ke3 Ne5 33. Be2 Bf5 34. Nd4 Bd7 35. c3 c5 36. bxc5+ Kxc5 37. Nb3+ Kd6 38. Nd2 Kc5 39. Nb3+ Kd6 40. Nd4 Kc5 41. Kf4 f6 42. Nb3+ Kd6 43. Ke3 Bf5 44.
Kd2 Bg4 45. Ba6 Bd7 46. Nd4 Ng4 47. Ke2 Kc5 48. Nb3+ Kd6 49. Bd3 Ne5 50. Ba6 Bf5 51.
Nd4 Bd7 52. Bd3 Bg4+ 53. f3 Bd7 54. Ke3 Nxd3 55. Kxd3 a6 56. Nb3 Be6 57. Kd4 Bd7 58.
Nc5 Bc8 59. a4 Kc6 60. Nd3 Kd6 61. Nb4 Bb7 62. a5 Ke6 63. Kc5 g5 64. Kb6 Bc8 65.
Kc7 Bd7 66. Nxa6 Bb5 67. Nb4 gxh4 68. gxh4 Ke5 69. a6 Bxa6 70. Nxa6 Kf4 71. Kd6 Kxf3 72. Kxd5 Kg4 73. Nc5 Kxh4 74. c4 Kg3 75. Ne4+ Kf3 76. c5 h4 77. c6 h3 78. c7 h2 79. c8=Q h1=Q 80. Qf5+ Ke3 81. Qf2+ Kd3 82. Qd2# 1-0

[Event "*** Titled Tuesday Blitz"]
[Site "Chess.com"]
[Date "2020.11.10"]
[Round "5"]
[White "kuli4ik"]
[Black "vinniethepooh"]
[Result "1-0"]
[WhiteElo "2861"]
[BlackElo "2616"]
[TimeControl "180+1"]
[EndTime "11:01:07 PST"]
[Termination "kuli4ik won by resignation"]

1. d4 Nf6 2. Bg5 d5 3. Nf3 e6 4.
e3 Be7 5. c4 h6 6. Bf4 Ne4 7. Nbd2 c5 8. cxd5 exd5 9. dxc5 Nxc5 10. Be2 O-O 11. O-O Nc6 12. Rc1 Bf5 13. Nb3 Ne6 14.
Nfd4 Ncxd4 15. Nxd4 Nxd4 16. Qxd4 Bf6 17. Be5 Bxe5 18.
Qxe5 Be6 19. Qd4 b6 20. h3 Rc8 21. Ba6 Rc7 22. Qe5 Rc5 23. b4 Rxc1 24. Rxc1 d4 25. exd4 Bxa2 26. Rc8 Qxc8 27. Bxc8 Rxc8 28. d5 Rd8 29. d6 Be6 30. f4 g6 31. g4 Rd7 32.
f5 gxf5 33. gxf5 Bxf5 34. Qxf5 Rxd6 35. Qc8+ Kg7 36. Qc7 Rg6+ 37. Kf2 a6 38. h4 h5 39. Qe5+ Kg8 40. Qxh5 b5 41. Qe5 Re6 42. Qd4 Kh7 43. Kg3 Rg6+ 44. Kf4 Rh6 45. Qd3+ Kg7 46. Qc3+ Kh7 47.
Kg4 Rg6+ 48. Kf5 Rh6 49. Qd4 Rg6 50. h5 Re6 51. Qc3 Rh6 52. Kg5 Re6 53. Qc5 Kg7 54. Qd4+ Kh7 55. Qd8 Kg7 56. Qc8 Re5+ 57. Kg4 Re6 58.
Qb8 Rh6 59. Qe5+ Kh7 60. Qe4+ Kg7 61. Kg5 Re6 62. Qd4+ Kh7 63. Qd3+ Kg7 64. Qf5 Rh6 65. Qc8 Re6 66. Qd8 Re5+ 67. Kg4 Re6 68. Qb8 Rh6 69.
Kg5 Re6 70. Qf4 Rh6 71. Qd4+ Kh7 72. Qd3+ Kg7 73. Qd8 Re6 74. Kf5 Rh6 75. Qg5+ Kh7 76. Ke4 Re6+ 77. Kd5 Rh6 78. Qf5+ Kg7 79. Qg4+ Kh7 80.
Ke5 Re6+ 81. Qxe6 fxe6 82. Kxe6 Kh6 83. Kd5 Kxh5 84. Kc5 Kg6 85. Kb6 Kf7 86. Kxa6 Ke6 87. Kxb5 1-0

[Event "*** Titled Tuesday Blitz"]
[Site "Chess.com"]
[Date "2020.11.10"]
[Round "5"]
[White "MasterKroket"]
[Black "Deepweb2020"]
[Result "1-0"]
[WhiteElo "2428"]
[BlackElo "2238"]
[TimeControl "180+1"]
[EndTime "11:01:08 PST"]
[Termination "MasterKroket won by checkmate"]

1. d4 Nf6 2. c4 e6 3. Nf3 Bb4+ 4.
Bd2 Qe7 5. g3 Nc6 6. Bg2 Bxd2+ 7. Nbxd2 O-O 8. O-O d6 9. Rb1 e5 10. e3 Bf5 11. Ra1 a5 12. Re1 Rfe8 13. Nh4 Bg4 14. f3 Bd7 15. d5 Nb8 16. Bf1 e4 17. f4 Na6 18. Nb3 a4 19. Nd4 Nc5 20. Be2 g6 21. b4 axb3 22. axb3 Na6 23. Qd2 h5 24. b4 Kg7 25.
Qc3 c5 26. b5 Nb4 27. Nc2 Nxc2 28. Qxc2 Bg4 29. Bxg4 Nxg4 30. Qc3+ Qf6 31. Qxf6+ Kxf6 32. Ng2 Ke7 33. h3 Nh6 34. Kf2 Nf5 35. g4 Nh6 36.
Kg3 hxg4 37. hxg4 f5 38. g5 Ng4 39. Rxa8 Rxa8 40. Rh1 Ra4 41. Rh7+ Kf8 42. Rxb7 Rxc4 43. Rd7 Rb4 44. Nh4 Rxb5 45. Nxg6+ Ke8 46. Rxd6 Nxe3 47. Re6+ Kf7 48. Ne5+ Kg7 49. Re7+ Kf8 50. Rf7+ Ke8 51. g6 Rb2 52. g7 Nf1+ 53. Kh4 Rg2 54. Rf8+ Ke7 55.
g8=Q Rxg8 56. Rxg8 e3 57. Rg6 e2 58. Re6+ Kd8 59. Nc6+ Kc7 60. Rxe2 Kd6 61. Re5 Nd2 62. Rxf5 Nf3+ 63. Kg4 Nh2+ 64. Kg5 Nf3+ 65. Kf6 c4 66. Ne5 c3 67. Nxf3 c2 68. Ng5 c1=Q 69. Ne4+ Kd7 70. Ng5 Qa1+ 71. Kg6 Qd4 72. Nf3 Qd1 73. Ne5+ Kd6 74. Nf7+ Kd7 75. d6 Qg1+ 76. Kf6 Qa1+ 77. Re5 Qg1 78. Re7+ Kc6 79. Rc7+ Kd5 80. d7 Qa1+ 81.
Ke7 Qa3+ 82. Ke8 Ke6 83. d8=Q Qa4+ 84. Qd7+ Kf6 85. Qxa4 Kg7 86. Ne5+ Kh6 87. Qc6+ Kh5 88. Rh7# 1-0

[Event "*** Titled Tuesday Blitz"]
[Site "Chess.com"]
[Date "2020.11.10"]
[Round "5"]
[White "Chuchofrio1"]
[Black "zurzan"]
[Result "0-1"]
[WhiteElo "2313"]
[BlackElo "2061"]
[TimeControl "180+1"]
[EndTime "11:01:09 PST"]
[Termination "zurzan won by checkmate"]

1. d4 d6 2. c4 f5 3. Nc3 Nf6 4. g3 g6 5. Bg2 Bg7 6. Nf3 O-O 7. O-O c6 8. d5 e5 9. dxe6 Bxe6 10. Bf4 Bxc4 11.
Qxd6 Qxd6 12. Bxd6 Re8 13. Nd2 Bxe2 14. Rfe1 Bd3 15.
Nf3 Nbd7 16. Rad1 Rxe1+ 17. Nxe1 Ba6 18. Be7 Re8 19. Bd6 Bf8 20. Bf4 h6 21. h4 Nc5 22.
Bf1 Bxf1 23. Kxf1 Nce4 24. Nf3 Nxc3 25. bxc3 Nd5 26. Be5 Bg7 27. Bd4 Bxd4 28. cxd4 Nc3 29. Rd2 Ne4 30. Rb2 Re7 31. Ne5 Kg7 32. Re2 Nd6 33. f3 Nb5 34. Rd2 Kf6 35. Nc4 Rd7 36. Na5 Rxd4 37. Rc2 Nd6 38. Nb3 Rd3 39. Kf2 g5 40. Re2 Rd1 41. Nc5 Kf7 42. hxg5 hxg5 43. Ne6 g4 44. fxg4 fxg4 45. Nd8+ Kf8 46. Ne6+ Kf7 47.
Nd8+ Kg6 48. Ne6 Kf5 49. Nf4 Ne4+ 50. Kg2 Ra1 51. Nh5 Nc3 52. Rf2+ Kg5 53. Nf4 Nxa2 54. Ne6+ Kg6 55. Nf8+ Kg7 56. Ne6+ Kg6 57. Nf8+ Kh6 58. Rf6+ Kg7 59. Rf4 Nc3 60. Ne6+ Kg6 61. Nf8+ Kg5 62. Ne6+ Kg6 63. Nf8+ Kg7 64. Ne6+ Kh7 65. Rf7+ Kg6 66. Rf4 Ra2+ 67. Kg1 Nd5 68. Nf8+ Kg7 69. Ne6+ Kh6 70. Rxg4 Ra1+ 71. Kg2 Ra2+ 72. Kf3 Nf6 73. Rh4+ Kg6 74. Nf4+ Kf7 75. Ke3 Ra3+ 76. Kd4 b5 77.
Ke5 Re3+ 78. Kf5 Nd5 79. Rh7+ Kg8 80. Kg6 Nxf4+ 81. gxf4 Rg3+ 82. Kh6 Rh3+ 83. Kg6 Rxh7 84. f5 Rg7+ 85. Kf6 Kf8 86. Ke6 Rf7 87. f6 c5 88. Kd6 c4 89. Kc6 b4 90. Kb5 b3 91.
Ka6 b2 92. Ka5 b1=Q 93. Ka6 Qb6# 0-1

[Event "*** Titled Tuesday Blitz"]
[Site "Chess.com"]
[Date "2020.11.10"]
[Round "5"]
[White "Smile2005"]
[Black "RestartingChess"]
[Result "1/2-1/2"]
[WhiteElo "2393"]
[BlackElo "2561"]
[TimeControl "180+1"]
[EndTime "11:01:17 PST"]
[Termination "Game drawn - timeout vs insufficient material"]

1. Nf3 Nf6 2. g3 d5 3. Bg2 c5 4. O-O Nc6 5. d3 Bg4 6. h3 Bxf3 7. Bxf3 e6 8. Bg2 Bd6 9. Nd2 h6 10. e4 dxe4 11. Nxe4 Nxe4 12. dxe4 c4 13. Qe2 b5 14.
Rd1 e5 15. Be3 Qe7 16. Qg4 Qf6 17. Rd5 O-O 18. Rad1 Rfd8 19. Rxb5 Nb4 20. c3 Nd3 21. Bf1 Bc7 22. Bxd3 cxd3 23. Rd5 Rxd5 24. exd5 Qa6 25. Qe4 Rd8 26. a3 Qb5 27. b4 Qxd5 28. Qxd5 Rxd5 29.
Bxa7 e4 30. Be3 f5 31. c4 Rd8 32. c5 g5 33. b5 f4 34. gxf4 gxf4 35. Bc1 Be5 36.
c6 Bc7 37. Bb2 e3 38. Bc3 Bb6 39. Kg2 e2 40. Re1 d2 41. Bxd2 Rxd2 42. Kf3 Rd3+ 43. Kxf4 Rd2 44. Kf3 Rd3+ 45. Kxe2 Rxa3 46. Rc1 Ra2+ 47.
Kd3 Rxf2 48. c7 Bxc7 49. Rxc7 Rb2 50. Rb7 h5 51. Ke4 h4 52. Kf4 Rb4+ 53. Kg5 Kf8 54. b6 Ke8 55. Rb8+ Kd7 56. b7 Kc7 57. Rh8 Kxb7 58. Rxh4 Rb5+ 59. Kh6 Kc6 60. Re4 Kd6 61. Kg6 Rb1 62. h4 Rg1+ 63. Kh7 Rh1 64. Kh6 Kd5 65. Rg4 Ke5 66. h5 Kf6 67. Rg2 Kf5 68. Rf2+ Ke6 69. Kg6 Rg1+ 70. Kh7 Rh1 71. h6 Ke7 72. Kg7 Rg1+ 73. Kh8 Rh1 74. h7 Ke8 75. Re2+ Kf7 76. Rf2+ Kg6 77. Rg2+ Kf7 78. Rg7+ Kf6 79. Kg8 Rb1 80. h8=Q Rb8+ 81. Kh7 Rb6 82. Rg6+ Kf5 83. Rxb6 Kf4 84. Qf8+ Ke4 85. Rb7 Kd4 86. Re7 Kc5 1/2-1/2

[Event "*** Titled Tuesday Blitz"]
[Site "Chess.com"]
[Date "2020.11.10"]
[Round "5"]
[White "misterlamine"]
[Black "vanyakuba"]
[Result "0-1"]
[WhiteElo "2289"]
[BlackElo "2500"]
[TimeControl "180+1"]
[EndTime "11:01:24 PST"]
[Termination "vanyakuba won by resignation"]

1. d4 d5 2. c4 e6 3. Nc3 c5 4. e3 Nf6 5. Nf3 a6 6. cxd5 exd5 7. dxc5 Bxc5 8. Be2 Nc6 9. O-O O-O 10. a3 Re8 11. b4 Ba7 12. Bb2 Bg4 13. h3 Bh5 14. Rc1 Rc8 15. Na4 Ne4 16. Nd4 Bxd4 17.
Bxh5 Bxb2 18. Nxb2 d4 19. exd4 Qxd4 20. Qxd4 Nxd4 21. Rfd1 Rxc1 22. Rxc1 g6 23. Bg4 h5 24. Bf3 Nxf3+ 25. gxf3 Ng5 26. Kg2 Re2 27. Nd3 Ra2 28. Rc3 Ne6 29. Kg3 Kg7 30. f4 Kf6 31. Ne5 h4+ 32.
Kf3 Ra1 33. Rd3 g5 34. Nd7+ Ke7 35. fxg5 Nxg5+ 36. Kg4 Rg1+ 37. Kxh4 f6 38. Nc5 b6 39.
Nxa6 Ne6 40. Re3 Kf7 41. b5 Nf4 42. Nc7 Ng2+ 43. Kh5 Nxe3 44. fxe3 Ra1 45. Nd5 Rxa3 46. Nxb6 Rxe3 47. Nc4 Rc3 48. Nd6+ Ke6 49. Ne4 Rxh3+ 50. Kg4 Re3 51. Kf4 Re1 52. b6 Rb1 53. b7 Kd5 54.
Nxf6+ Kc6 55. Kf5 Rxb7 56. Ne4 Rb5+ 57. Kf4 Kd5 58. Nf6+ Ke6 59. Ne4 Rb4 60. Ke3 Ke5 61.
Nf2 Rb3+ 62. Nd3+ Kd5 63. Kd2 Kd4 64. Ne1 Rb2+ 65. Nc2+ Kc4 66. Kc1 Kc3 67. Ne1 Ra2 68. Kd1 Rb2 69. Nf3 Rf2 70. Ne1 Rf1 71. Ke2 Rh1 72.
Nf3 Ra1 73. Ke3 Ra2 74. Kf4 Ra4+ 75. Kf5 Ra8 76. Ke4 Kc4 77. Ne5+ Kc5 78. Nd3+ Kc6 79.
Ne5+ Kd6 80. Nd3 Re8+ 81. Kd4 Rh8 82. Nf2 Rh4+ 83. Ke3 Ke5 84. Nd3+ Kf5 85. Nc5 Rc4 86. Nd3 Rc8 87. Kd4 Rd8+ 88. Ke3 Re8+ 89. Kd4 Rh8 90.
Nc5 Rh4+ 91. Kd5 Rh1 92. Kd4 Rd1+ 93. Nd3 Rd2 94. Ke3 Rh2 95. Kd4 Rh4+ 96. Kd5 Re4 97. Nc5 Re5+ 98. Kd4 0-1

[Event "*** Titled Tuesday Blitz"]
[Site "Chess.com"]
[Date "2020.11.10"]
[Round "5"]
[White "Barmen_EV"]
[Black "zaur-mammadov"]
[Result "0-1"]
[WhiteElo "2408"]
[BlackElo "2620"]
[TimeControl "180+1"]
[EndTime "11:01:37 PST"]
[Termination "zaur-mammadov won on time"]

1. d4 d5 2. c4 dxc4 3. Nc3 c5 4. e3 cxd4 5. exd4 Nf6 6. Bxc4 e6 7. Nf3 Be7 8. O-O O-O 9. Qe2 Nc6 10. Rd1 Na5 11.
Bd3 b6 12. Bg5 Bb7 13. Rac1 Rc8 14. a3 Qd6 15. b4 Nb3 16. Rc2 Bxf3 17. Qxf3 Nxd4 18.
Qh3 h6 19. Bxf6 Bxf6 20. Ne4 Qe7 21. Rcd2 Be5 22. Ba6 Rcd8 23. Qh5 f5 24. Nc3 Rd6 25. Ne2 Nxe2+ 26. Qxe2 Rxd2 27. Rxd2 Bf4 28. Rd4 Bc7 29. Bc4 Rf6 30. Qd3 Rg6 31. Qxf5 Qf6 32. Qxf6 Rxf6 33.
Rd7 Be5 34. Rxa7 Bd4 35. g3 Bxf2+ 36. Kg2 Bd4 37. Re7 Rf2+ 38. Kh3 Rd2 39. Rxe6 Kf8 40. Re2 Rd1 41. Re4 g5 42. Kg4 Kg7 43. h4 gxh4 44.
gxh4 Bb2 45. Kh5 Bxa3 46. Re7+ Kf8 47. Rf7+ Ke8 48. b5 Bc5 49. Rf4 Rd6 50. Re4+ Kd7 51. Rg4 Bf2 52. Rg7+ Kd8 53. Rg6 Rd4 54. Kxh6 Rxh4+ 55. Kg5 Rxc4 56. Kf5 Bc5 57. Ke6 Rd4 58. Rg8+ Kc7 59.
Rg7+ Kc8 60. Rg8+ Rd8 61. Rg7 Rd6+ 62. Ke5 Rd7 63. Rg8+ Kc7 64. Ke6 Rd6+ 65. Ke5 Bd4+ 66. Ke4 Bf6 67. Rf8 Be7 68. Rf7 Kd7 69. Ke5 Re6+ 70.
Kd5 Rh6 71. Rg7 Rh5+ 72. Kc4 Rc5+ 73. Kd4 Rxb5 74. Rh7 Rf5 75. Ke4 Rf6 76. Kd5 Re6 77.
Rh1 Rd6+ 78. Ke5 Kc6 79. Rc1+ Kb7 80. Rb1 Rc6 81. Kd5 Bc5 82. Kc4 Rd6 83. Kb5 Rd4 84. Rb2 Re4 85. Rb1 Re5 86. Rb3 Bf2+ 87. Kc4 Kc6 88. Rf3 Bc5 89. Rf6+ Bd6 90. Rg6 b5+ 91. Kd4 Rd5+ 92. Kc3 Rh5 93. Kb3 Kc5 94. Kc2 b4 95. Rg4 Be5 96. Kb3 Bd4 97. Re4 Rh3+ 98. Kc2 Kc4 99. Rg4 b3+ 100. Kd2 Rh1 101. Rg8 Rh2+ 0-1